 Dungeon Crawl Stone Soup version 0.30.0-20-g3615ddf2f0 (webtiles) character file.

Game seed: 6662044511140010347

625 qw the Chopper (level 7, -3/43 HPs)
             Began as a Gargoyle Fighter on June 1, 2023.
             Slain by an orc warrior
             ... wielding a +0 battleaxe
              (15 damage)
             ... on level 4 of the Dungeon.
             The game lasted 00:01:42 (3687 turns).

qw the Chopper (Gargoyle Fighter)                   Turns: 3687, Time: 00:01:43

Health: -3/43      AC: 13    Str: 21    XL:     7   Next: 47%
Magic:  7/7        EV:  8    Int:  9    God:
Gold:   290        SH:  4    Dex:  9    Spells: 6/6 levels left

rFire   . . .        Y - +2 war axe
rCold   . . .        c - +0 buckler
rNeg    + . .        h - +0 chain mail
rPois   inf          (no helmet)
rElec   +            (no cloak)
rCorr   .            (no gloves)
SInv    .            (no boots)
Will    .....        (no amulet) Stlth
                     (no ring)
HPRegen 0.27/turn    (no ring)
MPRegen 0.10/turn

%: no passive effects
@: no status effects
A: sickness immunity, AC +4, negative energy resistance 1, electricity
resistance, torment resistance 1, petrification resistance
a: no special abilities


You were on level 4 of the Dungeon.
You visited 1 branch of the dungeon, and saw 6 of its levels.

You collected 290 gold pieces.


Innate Abilities, Weirdness & Mutations

You are immune to sickness and miasma.
Your stone body is resilient. (AC +4)
You are immune to poison.
You resist negative energy. (rN+)
You are resistant to electric shocks. (rElec)
You are resistant to unholy torment.
You are immune to petrification.


   Skills:
 - Level 4.0 Fighting
 + Level 6.8 Axes
 - Level 3.2 Armour
 - Level 1.5 Dodging
 - Level 3.2 Shields


You had 6 spell levels left.
You didn't know any spells.
Your spell library was empty.

Inventory:

Hand Weapons
 g - a +0 morningstar
 Y - a +2 war axe (weapon)
Armour
 c - a +0 buckler (worn)
 h - a +0 chain mail (worn)
Scrolls
 a - 3 scrolls of identify
 n - a scroll of magic mapping {unknown}
Potions
 b - a potion of ambrosia {unknown}
 d - a potion of might
 e - 3 potions of curing
 f - a potion of haste
 i - 2 potions of lignification {unknown}
 j - 3 potions of heal wounds
 k - 2 potions of cancellation {unknown}
 l - a potion of flight {unknown}
 m - a potion of attraction {unknown}

Dungeon Overview and Level Annotations

Branches:
Dungeon (6/15)
 Temple: D:4-7

Altars:
Fedhas
Sif Muna

Annotations:
D:3 2 runed translucent doors, qw's ghost, amateur GrFi


Message History

Moving in this stuff is going to be slow.
a - 3 scrolls of identify (gained 1)
An orc warrior comes into view. It is wielding a +0 battleaxe.
The orc warrior shouts!
Enter note:
Enter note:
Enter note:
Enter note: A hound comes into view.
You hit the orc warrior.
The orc warrior is lightly wounded.
The orc warrior hits you with a +0 battleaxe!
The hound bites you but does no damage.
You slash the orc warrior!
The orc warrior is moderately wounded.
You hit the hound. The hound bites you.
The orc warrior hits you with a +0 battleaxe!
You barely miss the orc warrior.
The orc warrior is moderately wounded.
You slash the hound! You block the hound's attack.
The orc warrior hits you with a +0 battleaxe.
The hound bites you.
You closely miss the hound.
The hound is severely wounded.
You closely miss the orc warrior. You block the hound's attack.
The orc warrior hits you with a +0 battleaxe.
The hound closely misses you.
You miss the hound.
The hound is severely wounded.
You hit the orc warrior but do no damage.
The orc warrior barely misses you. The hound bites you but does no damage.
The orc warrior hits you but does no damage.
You slash the hound!
You kill the hound!
You hit the orc warrior.
The orc warrior hits you with a +0 battleaxe!
You die...

....#...#~~#...#..... #
.....###~..~###..##.#.#
##
......................#
#>
.....#.###.##.####....#
## .....#.#
#.........#..# #
.......# ##..........#
.####### #.........###.
#......%......
#.....@o......
######........
#####.... ... .


You could see an orc warrior.

Vanquished Creatures
  A yak (D:6)
  Blork the orc (D:6)
  A bullfrog (D:6)
  4 hounds
  An iguana (D:5)
  An orc wizard (D:3)
  4 gnolls (D:3)
  10 adders
  A shadow imp (D:6)
  2 dart slugs
  6 orcs
  2 endoplasms
  3 giant cockroaches (D:1)
  7 hobgoblins
  2 jackals (D:1)
  3 quokkas
  12 ball pythons
  4 bats
  2 frilled lizards
  7 goblins
  2 kobolds
  3 rats (D:2)
79 creatures vanquished.

Notes
Turn   | Place    | Note
-------+----------+-------------------------------------------
     0 | D:1      | qw the Gargoyle Fighter began the quest for the Orb.
     0 | D:1      | Reached XP level 1. HP: 14/14 MP: 1/1
     0 | D:1      | 0 ||| qw: Version: 0.2-a-102-gfc559e5
     0 | D:1      | 0 ||| qw: Game counter: 668
     0 | D:1      | 0 ||| qw: Always use a shield: true
     0 | D:1      | 0 ||| qw: God list: Okawaru
     0 | D:1      | 0 ||| qw: Allow faded altars: false
     0 | D:1      | 0 ||| qw: Do Orc after D:15 true
     0 | D:1      | 0 ||| qw: Do second Lair branch before Depths: true
     0 | D:1      | 0 ||| qw: Lair rune preference: random
     0 | D:1      | 0 ||| qw: Plans: Normal, Zot:1-4, Slime:5, God:TSO, Crypt,
                  | Tomb, Pan, Hells, Abyss, Win
     0 | D:1      | 0 ||| PLANNING D:1-11
    88 | D:1      | Reached skill level 2 in Axes
   368 | D:1      | Reached XP level 2. HP: 19/19 MP: 2/2
   888 | D:1      | Reached skill level 3 in Axes
  1034 | D:1      | 1034 ||| UPGRADING to +0 chain mail.
  1044 | D:1      | 1044 ||| DROPPING +0 scale mail.
  1045 | D:1      | 1045 ||| READING 2 scrolls labelled XEIDOLEMN ALOE.
  1046 | D:1      | 1046 ||| READING scroll labelled NIMEZU URAIPP.
  1057 | D:1      | 1057 ||| READING scroll labelled BATATZYU RIUR.
  1058 | D:1      | 1058 ||| READING scroll labelled HUXOUT POTOF OCA.
  1116 | D:2      | Reached XP level 3. HP: 20/23 MP: 3/3
  1169 | D:2      | Found a shimmering blue altar of Sif Muna.
  1215 | D:2      | 1215 ||| Stepping ~*~*~tactically~*~*~ (stealth).
  1620 | D:2      | Reached XP level 4. HP: 28/28 MP: 4/4
  1651 | D:2      | Found a faded altar of an unknown god.
  1909 | D:2      | Reached skill level 4 in Axes
  1922 | D:2      | 1922 ||| READING scroll labelled ZEOHAR WENWA.
  1923 | D:2      | 1923 ||| DRINKING 2 puce potions.
  1924 | D:2      | 1924 ||| DRINKING 2 glowing clear potions.
  2029 | D:2      | 2029 ||| READING 2 scrolls of identify.
  2029 | D:2      | 2029 ||| IDENTIFYING glowing cyan potion
  2030 | D:2      | 2030 ||| DROPPING potion of berserk rage.
  2074 | D:3      | 2074 ||| Stepping ~*~*~tactically~*~*~ (hiding).
  2096 | D:3      | Reached XP level 5. HP: 13/32 MP: 5/5
  2110 | D:3      | 2110 ||| Stepping ~*~*~tactically~*~*~ (stealth).
  2173 | D:3      | 2173 ||| DROPPING +0 whip.
  2282 | D:3      | Reached skill level 5 in Axes
  2662 | D:3      | You fall into a shaft and drop 3 floors!
  2738 | D:6      | Reached XP level 6. HP: 37/38 MP: 6/6
  2747 | D:6      | Noticed a yak
  2748 | D:6      | 2748 ||| Stepping ~*~*~tactically~*~*~ (hiding).
  2755 | D:6      | Killed a yak
  2756 | D:6      | Reached skill level 6 in Axes
  2765 | D:6      | Reached skill level 1 in Dodging
  2765 | D:6      | Reached XP level 7. HP: 19/43 MP: 7/7
  2905 | D:6      | Noticed Blork the orc
  2917 | D:6      | Killed Blork the orc
  3006 | D:6      | 3006 ||| FLEEEEING.
  3007 | D:6      | 3007 ||| FLEEEEING.
  3008 | D:6      | 3008 ||| FLEEEEING.
  3009 | D:6      | 3009 ||| STAIRDANCE
  3010 | D:5      | Entered Level 5 of the Dungeon
  3034 | D:5      | 3034 ||| READING scroll labelled PUAXIVU KESAOG.
  3035 | D:5      | 3035 ||| READING scroll labelled RUUCUT KAAMALI.
  3036 | D:5      | 3036 ||| READING 3 scrolls of identify.
  3036 | D:5      | 3036 ||| IDENTIFYING metallic sapphire potion
  3037 | D:5      | 3037 ||| READING 2 scrolls of identify.
  3037 | D:5      | 3037 ||| IDENTIFYING amethyst potion
  3038 | D:5      | 3038 ||| DROPPING potion of brilliance.
  3072 | D:4      | 3072 ||| DROPPING +0 flail.
  3227 | D:3      | Found a large runed translucent door.
  3227 | D:3      | Found a large runed translucent door.
  3231 | D:3      | Noticed qw's ghost (amateur GrFi)
  3264 | D:3      | 3264 ||| Stepping ~*~*~tactically~*~*~ (stealth).
  3327 | D:3      | 3327 ||| READING 2 scrolls labelled JOURYI EZXIPH.
  3328 | D:3      | 3328 ||| READING scroll of enchant weapon.
  3328 | D:3      | 3328 ||| ENCHANTING +1 war axe.
  3508 | D:4      | Found a blossoming altar of Fedhas.
  3687 | D:4      | Slain by an orc warrior

Levels and vault maps discovered:
D:1:      wheals_arrival_linesprint, layout_basic, nicolae_figureground_pulse
D:2:      layout_loops_ring, dreamdust_ecumenical_altar_grove, basic_altar
D:3:      layout_loops_ring, ebering_ghost_disaster_area,
          minmay_shallow_snake_nest
D:4:      layout_basic, kennysheep_mini_moat, lemuel_round_altar, serial_shops,
          nicolae_stop_n_shop_1, fountainhead, grunt_ministairs_4,
          minmay_manual_monstrance
D:5:      layout_loops_ring, lemuel_blue_sif_altar, general_overflow_altar,
          minmay_misc_feat_plants, uniq_menkaure, uniq_pikel,
          uniq_prince_ribbit1
D:6:      layout_rooms, st_stairs_12, uniq_blork_the_orc

Skill      XL: |  1  2  3  4  5  6 |
---------------+-------------------+-----
Axes           | 2 3 4 5 6 |  6.8
Fighting       | 4 |  4.0
Dodging        | 1 |  1.5
Armour         | |  3.2
Shields        | |  3.2

Action                     |  1- 3 |  4- 6 |  7- 9 || total
---------------------------+-------+-------+-------++-------
  Melee: War axe           |   101 |   113 |    87 ||   301
    Use: Scroll            |     4 |     2 |     6 ||    12
         Potion            |       |     2 |       ||     2
 Armour: Scale mail        |    27 |       |       ||    27
         Chain mail        |    36 |    83 |    45 ||   164
  Dodge: Dodged            |    34 |    50 |    31 ||   115
  Block: Buckler           |    16 |    12 |    18 ||    46

Table legend:
 A = Non-vault XP
 B = Vault XP
 C = Vault XP percentage of total XP
 D = Non-vault monster count
 E = Vault monster count
 F = Vault count percentage of total count
                 A         B        C        D         E       F
            +---------+---------+-------+---------+---------+-------
      Total |     472 |     464 |  49.6 |      67 |      12 |  15.2
            +---------+---------+-------+---------+---------+-------
        D:1 |      33 |       0 |   0.0 |      19 |       0 |   0.0
        D:2 |      78 |       0 |   0.0 |      18 |       0 |   0.0
        D:3 |     132 |      18 |  12.0 |      21 |       4 |  16.0
        D:4 |      68 |      54 |  44.3 |       3 |       5 |  62.5
        D:5 |      35 |       0 |   0.0 |       1 |       0 |   0.0
        D:6 |     126 |     392 |  75.7 |       5 |       3 |  37.5
            +---------+---------+-------+---------+---------+-------
